 Dungeon Crawl Stone Soup version 0.31-a0-233-g139696dc86 (webtiles) character file.

Game seed: 7973416531709383775

196 qw the Shooter (level 5, -4/30 HPs)
             Began as a Gargoyle Hexslinger on July 8, 2023.
             Slain by a gnoll
             ... wielding a +0 halberd
              (7 damage)
             ... on level 4 of the Dungeon.
             The game lasted 00:00:54 (2511 turns).

qw the Shooter (Gargoyle Hexslinger)                Turns: 2511, Time: 00:00:54

Health: -4/30      AC: 13    Str: 11    XL:     5   Next: 74%
Magic:  6/6        EV: 10    Int: 14    God:
Gold:   198        SH:  0    Dex: 14    Spells: 5/6 levels left

rFire   . . .        Y - +2 sling
rCold   . . .        (no shield)
rNeg    + . .        i - +0 ring mail
rPois   inf          e - +2 helmet
rElec   +            m - +0 cloak
rCorr   +            (no gloves)
SInv    .            (no boots)
Will    .....        b - amulet of faith
Stlth   +            f - ring of resist corrosion
HPRegen 0.25/turn    (no ring)
MPRegen 0.10/turn

%: faith
@: no status effects
A: sickness immunity, AC +4, negative energy resistance 1, electricity
resistance, torment resistance 1, petrification resistance
a: no special abilities


You were on level 4 of the Dungeon.
You visited 1 branch of the dungeon, and saw 4 of its levels.

You collected 198 gold pieces.


Innate Abilities, Weirdness & Mutations

You are immune to sickness and miasma.
Your stone body is resilient. (AC +4)
You are immune to poison.
You resist negative energy. (rN+)
You are resistant to electric shocks. (rElec)
You are resistant to unholy torment.
You are immune to petrification.


   Skills:
 + Level 2.2 Fighting
 - Level 5.0 Ranged Weapons
 - Level 2.0 Armour
 - Level 1.5 Dodging
 - Level 1.0 Spellcasting
 - Level 2.6 Hexes


You had 5 spell levels left.
You knew the following spells:

 Your Spells              Type           Power      Damage    Failure   Level
a - Slow                  Hex            32%        N/A       21%         1

Your spell library contained the following spells:

 Spells                   Type           Power      Damage    Failure   Level
 Inner Flame              Hex/Fire       4%         N/A       71%         3
 Portal Projectile        Hex/Tloc       8%         N/A       71%         3
 Cause Fear               Hex            4%         N/A       90%         4

Inventory:

Hand Weapons
 Y - a +2 sling (weapon)
Armour
 e - a +2 helmet (worn)
 i - a +0 ring mail (worn)
 m - a +0 cloak (worn)
Jewellery
 b - an amulet of faith (around neck)
 f - a ring of resist corrosion (left hand)
Scrolls
 a - a scroll of identify
Potions
 c - a potion of curing
 d - a potion of might
 g - a potion of mutation {unknown}
 j - a potion of resistance {unknown}
 k - a potion of haste {unknown}
 n - a potion of lignification {unknown}

Dungeon Overview and Level Annotations

Branches:
Dungeon (4/15)
 Temple: D:4-7

Altars:
Vehumet
Xom

Annotations:
D:3 2 transporters
D:4 exclusion: 2 gnolls


Message History

The gnoll shouts!
The gnoll hits you but does no damage. The gnoll completely misses you.
There is an open door here.
Enter note:
Enter note:
Enter note:
Enter note: You shoot a sling bullet.
The sling bullet closely misses the gnoll.
The gnoll hits you but does no damage.
You shoot a sling bullet. The sling bullet hits the gnoll.
The gnoll is lightly wounded.
The gnoll hits you from afar with a +0 halberd.
The gnoll hits you with a +0 whip.
You shoot a sling bullet. The sling bullet hits the gnoll.
The gnoll is moderately wounded.
The gnoll closely misses you. The gnoll completely misses you.
The gnoll hits you but does no damage. x2
You shoot a sling bullet. The sling bullet hits the gnoll.
The gnoll is heavily wounded.
The gnoll hits you from afar with a +0 halberd.
The gnoll completely misses you.
You shoot a sling bullet.
The sling bullet closely misses the gnoll.
The gnoll completely misses you. The gnoll closely misses you.
You shoot a sling bullet.
The sling bullet barely misses the gnoll.
The gnoll hits you but does no damage. x2; The gnoll hits you with a +0 whip.
The gnoll closely misses you.
You shoot a sling bullet. The sling bullet hits the gnoll.
The gnoll is severely wounded.
The gnoll misses you. The gnoll hits you with a +0 whip.
You shoot a sling bullet. The sling bullet hits the gnoll.
The gnoll is almost dead.
The gnoll barely misses you. The gnoll hits you but does no damage.
You shoot a sling bullet. The sling bullet hits the gnoll.
The gnoll is almost dead.
The gnoll hits you from afar with a +0 halberd!
You die...

.........#..#P..#.#.##.#
#.
##+###+#.##)##..#.#.##.#
#. #..'()#..#.#.##.# #.
#..#..#..#.#.##.###.
##.#####..(#.##.....
+..#..#.#.#.#######
#g.g..#.#.#...#
#.#####.#.#.#.#
#.@g.#..#.#.#.#
.......#..#......#.#
+#..##+#+###.#.....# #+
#.....### #..##.#
########.[##.#
#######..P......##.#
................##.#
.#####.............##.#


You could see 2 gnolls.

Vanquished Creatures
  A scorpion (D:3)
  A hound (D:2)
  A statue (D:3)
  3 adders (D:3)
  An ufetubus (D:3)
  2 worms
  A dart slug (D:1)
  An orc (D:3)
  6 endoplasms
  4 goblins
  7 hobgoblins
  2 jackals
  A quokka (D:1)
  5 ball pythons
  5 bats
  A frilled lizard (D:1)
  4 kobolds
  A rat (D:1)
47 creatures vanquished.

Notes
Turn   | Place    | Note
-------+----------+-------------------------------------------
     0 | D:1      | qw the Gargoyle Hexslinger began the quest for the Orb.
     0 | D:1      | Reached XP level 1. HP: 12/12 MP: 2/2
     0 | D:1      | 0 ||| qw: Version: 0.3-a-46-gb1f654a
     0 | D:1      | 0 ||| qw: Game counter: 3610
     0 | D:1      | 0 ||| qw: Melee chars always use a shield: true
     0 | D:1      | 0 ||| qw: God list: Okawaru
     0 | D:1      | 0 ||| qw: Allow faded altars: false
     0 | D:1      | 0 ||| qw: Do Orc after clearing Dungeon:15 true
     0 | D:1      | 0 ||| qw: Do second Lair branch before Depths: true
     0 | D:1      | 0 ||| qw: Lair rune preference: random
     0 | D:1      | 0 ||| qw: Goals: Normal
     0 | D:1      | 0 ||| PLANNING D:1-11
   152 | D:1      | Reached XP level 2. HP: 16/16 MP: 3/3
   553 | D:1      | Reached skill level 3 in Ranged Weapons
   752 | D:1      | 752 ||| UPGRADING to +0 ring mail.
   762 | D:1      | 762 ||| DROPPING +0 robe.
   763 | D:1      | 763 ||| READING scroll labelled DYOXKIRUOK.
   764 | D:1      | 764 ||| READING scroll labelled WYWIDU SUMOUCW.
   765 | D:1      | 765 ||| READING scroll labelled JURCHA YPPA.
   766 | D:1      | 766 ||| READING scroll labelled GAXEIGH MERAX.
   767 | D:1      | 767 ||| DRINKING 2 pink potions.
   768 | D:1      | 768 ||| DROPPING scroll of poison.
   769 | D:1      | 769 ||| DROPPING potion of brilliance.
   902 | D:2      | Reached XP level 3. HP: 21/21 MP: 4/4
   932 | D:2      | Found a faded altar of an unknown god.
  1095 | D:2      | Found a shimmering altar of Xom.
  1346 | D:2      | 1346 ||| UPGRADING to +0 helmet.
  1351 | D:2      | 1351 ||| READING scroll of enchant armour.
  1351 | D:2      | 1351 ||| ENCHANTING +0 helmet.
  1352 | D:2      | 1352 ||| UPGRADING to amulet of faith.
  1357 | D:2      | 1357 ||| READING scroll labelled GAEFEEF ZELIU.
  1393 | D:3      | 1393 ||| STAIRDANCE
  1404 | D:2      | Reached XP level 4. HP: 17/26 MP: 5/5
  1450 | D:3      | 1450 ||| READING scroll of enchant armour.
  1450 | D:3      | 1450 ||| ENCHANTING +1 helmet.
  1553 | D:3      | Found a radiant altar of Vehumet.
  1553 | D:3      | Noticed a frost-covered statue
  1572 | D:3      | Killed a frost-covered statue
  1749 | D:3      | Identified the +7 spear of the Forgotten Suns {venom,
                  | Int+2}
  1749 | D:3      | Identified the +4 scale mail "Detu" {rPois Will+ Int-2}
  1749 | D:3      | Noticed a gnoll sergeant
  1881 | D:3      | Found a transporter.
  1887 | D:3      | Found a transporter.
  1944 | D:3      | Noticed a scorpion
  1959 | D:3      | Reached skill level 4 in Ranged Weapons
  1971 | D:3      | HP: 6/26 [scorpion (4)]
  1975 | D:3      | Killed a scorpion
  1976 | D:3      | Reached XP level 5. HP: 9/30 MP: 6/6
  2317 | D:3      | 2317 ||| UPGRADING to +0 cloak.
  2322 | D:3      | 2322 ||| DROPPING amulet of guardian spirit.
  2323 | D:3      | 2323 ||| UPGRADING to ring of resist corrosion.
  2324 | D:3      | 2324 ||| READING scroll labelled GEIRE IRUGEAN.
  2325 | D:3      | 2325 ||| DRINKING 2 ruby potions.
  2326 | D:3      | 2326 ||| READING 2 scrolls of identify.
  2326 | D:3      | 2326 ||| IDENTIFYING puce potion
  2345 | D:4      | 2345 ||| STAIRDANCE
  2353 | D:3      | Reached skill level 5 in Ranged Weapons
  2504 | D:4      | HP: 6/30 [gnoll/+0 whip (4)]
  2509 | D:4      | HP: 2/30 [gnoll/+0 whip (3)]
  2511 | D:4      | Slain by a gnoll

Levels and vault maps discovered:
D:1:      scummos_arrival_simple_crosswalls, layout_basic, minmay_misc_feat_rows
D:2:      layout_basic, basic_ecumenical_altar, basic_altar, st_stairs_6
D:3:      layout_basic, vehumet_statue, gammafunk_ghost_gnarly_gnolls,
          minmay_randomly_rotated_circles
D:4:      corexii_shantytown, layout_basic, minmay_ruined_shrine

Skill      XL: |  1  2  3  4  5 |
---------------+----------------+-----
Ranged Weapons | 3 4 5 |  5.0
Fighting       | 2 |  2.2
Armour         | 2 |  2.0
Dodging        | |  1.5
Spellcasting   | |  1.0
Hexes          | |  2.6

Action                     |  1- 3 |  4- 6 || total
---------------------------+-------+-------++-------
   Fire: Sling             |    74 |   105 ||   179
    Use: Scroll            |     6 |     3 ||     9
         Potion            |     1 |     1 ||     2
 Armour: Ring mail         |     9 |   109 ||   118
  Dodge: Dodged            |    14 |    87 ||   101

Table legend:
 A = Non-vault XP
 B = Vault XP
 C = Vault XP percentage of total XP
 D = Non-vault monster count
 E = Vault monster count
 F = Vault count percentage of total count
                 A         B        C        D         E       F
            +---------+---------+-------+---------+---------+-------
      Total |     151 |     129 |  46.1 |      38 |       9 |  19.1
            +---------+---------+-------+---------+---------+-------
        D:1 |      21 |       0 |   0.0 |      12 |       0 |   0.0
        D:2 |      66 |       5 |   7.0 |      14 |       1 |   6.7
        D:3 |      53 |     122 |  69.7 |       8 |       7 |  46.7
        D:4 |      11 |       2 |  15.4 |       4 |       1 |  20.0
            +---------+---------+-------+---------+---------+-------
